 Dungeon Crawl Stone Soup version 0.18-a0-1343-g48c8f86 (webtiles) character file.

97 M4edhros the Insei (level 4, -3/35 HPs)
             Began as a Mummy Monk on Feb 16, 2016.
             Slain by a gnoll
             ... wielding a cursed -2 spear
              (4 damage)
             ... on level 2 of the Dungeon.
             The game lasted 00:05:08 (3679 turns).

M4edhros the Insei (Mummy Monk)                     Turns: 3679, Time: 00:05:09

Health: -3/35      AC:  1    Str: 14    XL:     4   Next: 42%
Magic:  4/4        EV: 13    Int:  9    God:
Gold:   90         SH:  0    Dex: 15    Spells: 0 memorised, 3 levels left

rFire  x . .     SeeInvis .       - Unarmed
rCold  + . .     Gourm    .     (no armour)
rNeg   + + +     Faith    .     (no shield)
rPois  ∞         Spirit   .     (no helmet)
rElec  .         Dismiss  .     f - +0 cloak
rCorr  .         Reflect  .     (no gloves)
SustAt .         Harm     .     (no boots)
MR     .....                    (no amulet)
Stlth  ++........               (no ring)
                                (no ring)

@: not resistant to hostile enchantments, unstealthy
A: no food or potions, fire vulnerability, cold resistance 1, negative energy
resistance 3, torment resistance, unbreathing
a: no special abilities


You were on level 2 of the Dungeon.
You were not hungry.

You visited 1 branch of the dungeon, and saw 2 of its levels.

You collected 90 gold pieces.

Inventory:

Armour
 f - a +0 cloak (worn)
Jewellery
 d - an uncursed amulet of magic regeneration


   Skills:
 - Level 3.0 Fighting
 - Level 2.4 Dodging
 + Level 3.0 Stealth
 + Level 4.2 Unarmed Combat


You had 3 spell levels left.
You didn't know any spells.

Dungeon Overview and Level Annotations

Branches:
Dungeon (2/15)

Altars:
Nemelex Xobeh
Qazlal

Annotations:
D:2 Sigmund


Innate Abilities, Weirdness & Mutations

You do not eat or drink.
Your flesh is vulnerable to fire.
You are immune to poison.
Your flesh is cold resistant.
You are immune to negative energy.
You are immune to unholy pain and torment.
You can survive without breathing.


Message History

The hobgoblin barely misses you. The gnoll misses you.
The gnoll hits you with an enchanted spear!
You hit the gnoll.
The gnoll is moderately wounded.
The gnoll closely misses you. The hobgoblin barely misses you.
You hit the gnoll but do no damage. Your punch misses the gnoll.
The gnoll is moderately wounded.
The gnoll hits you from afar with a halberd!
* * * LOW HITPOINT WARNING * * *
The gnoll barely misses you.
The hobgoblin hits you but does no damage.
You hit the gnoll but do no damage.
The gnoll is moderately wounded.
The gnoll misses you. The gnoll closely misses you.
The hobgoblin hits you but does no damage.
Unknown command.
You closely miss the gnoll. Your punch misses the gnoll.
The gnoll is moderately wounded.
The gnoll hits you with an enchanted spear.
You die...

#.........g..#
#.#########g## #.#
#g# #g#
##################.##
....(..)..†...g.....#
#####################
.......g....)<.g@g.#
.....####.########g#
##################.##
.[..................#
...##################
...### ..g'.# ...#.#
...#.#


You could see 2 gnolls and a hobgoblin.

Vanquished Creatures
  A gnoll (D:2)
  2 adders (D:2)
  A worm (D:2)
  2 giant cockroaches
  14 goblins
  11 hobgoblins
  8 jackals
  6 kobolds
  5 bats (D:1)
  2 giant newts (D:1)
  5 rats (D:1)
57 creatures vanquished.

Notes
Turn   | Place    | Note
--------------------------------------------------------------
     0 | D:1      | M4edhros the Mummy Monk began the quest for the Orb.
     0 | D:1      | Reached XP level 1. HP: 18/18 MP: 1/1
   281 | D:1      | Reached XP level 2. HP: 12/24 MP: 2/2
  1009 | D:2      | Reached XP level 3. HP: 20/29 MP: 3/3
  1208 | D:2      | Found a stormy altar of Qazlal.
  1210 | D:2      | Noticed a water elemental
  1211 | D:2      | Noticed an earth elemental
  1211 | D:2      | Noticed a fire elemental
  1211 | D:2      | Noticed an air elemental
  1300 | D:2      | Found a sparkling altar of Nemelex Xobeh.
  1419 | D:2      | Reached skill level 4 in Unarmed Combat
  1563 | D:2      | Noticed Sigmund
  2188 | D:1      | Reached XP level 4. HP: 14/35 MP: 4/4
  3677 | D:2      | HP: 1/35 [gnoll/halberd (11)]
  3679 | D:2      | Slain by a gnoll

Vault maps used:
D:1:      saegor_arrival_simple_b, serial_co_window_serial, co_window_paths_a,
          co_window_of_opportunity_a, co_window_of_opportunity_a,
          co_window_paths_b, co_window_cross_1, co_window_unsneaky_path_d,
          co_window_of_opportunity_c, co_window_corner_ca, glass_columns_b,
          glass_columns_a
D:2:      nicolae_overflow_hidden_temple, nicolae_qazlal_style_of_elements,
          uniq_sigmund

Action                   |  1- 3 |  4- 6 || total
-------------------------+-------+-------++-------
Melee: Unarmed           |   158 |    82 ||   240
  Use: Scroll            |       |     4 ||     4
 Stab: Sleeping          |     4 |       ||     4
       Distracted        |     1 |       ||     1
